 Dungeon Crawl Stone Soup version 0.28.0-43-g3370ac3207 (webtiles) character file.

Game seed: 7898095878205114952

157 Ablot the Grasshopper (level 5, -5/43 HPs)
             Began as a Gnoll Warper on Mar 3, 2022.
             Killed from afar by Sigmund (7 damage)
             ... with a magic dart
             ... on level 2 of the Dungeon.
             The game lasted 00:02:38 (2427 turns).

Ablot the Grasshopper (Gnoll Warper)                Turns: 2427, Time: 00:02:39

Health: -5/43      AC:  4    Str: 13    XL:     5   Next: 38%
Magic:  12/12      EV: 13    Int: 12    God:
Gold:   41         SH:  0    Dex: 11    Spells: 12/14 levels left

rFire   . . .      SeeInvis .   a - +0 spear
rCold   . . .      Faith    .   (no shield)
rNeg    . . .      Spirit   .   b - +0 leather armour
rPois   .          Reflect  .   (no helmet)
rElec   .          Harm     .   (no cloak)
rCorr   .          Rampage  .   m - +0 pair of gloves
Will    .....                   (no boots)
Stlth   +.........              (no amulet)
HPRegen 0.14/turn               (no ring)
MPRegen 0.13/turn               (no ring)

@: no status effects
A: fangs 1, strong nose, distributed training
a: no special abilities


You were on level 2 of the Dungeon.
You visited 1 branch of the dungeon, and saw 2 of its levels.

You collected 41 gold pieces.

Inventory:

Hand Weapons
 a - a +0 spear (weapon)
Missiles
 d - 4 boomerangs of dispersal (quivered)
 e - 41 stones
 f - 43 arrows
 l - 2 boomerangs
Armour
 b - a +0 leather armour (worn)
 m - a +0 pair of gloves (worn)
Wands
 o - a wand of paralysis (11)
Scrolls
 c - a scroll of blinking
 g - a scroll of magic mapping {unknown}
 i - a scroll of fog {unknown}
 k - 2 scrolls of identify {unknown}
 q - a scroll of enchant weapon {unknown}
Potions
 j - 2 potions of brilliance {unknown}
 n - a potion of curing {unknown}
 p - 2 potions of resistance {unknown}


   Skills:
 + Level 4.8 Fighting
 + Level 1.4 Short Blades
 + Level 1.4 Long Blades
 + Level 1.4 Axes
 + Level 1.4 Maces & Flails
 + Level 4.8 Polearms
 + Level 1.4 Staves
 + Level 1.4 Slings
 + Level 1.4 Bows
 + Level 1.4 Crossbows
 + Level 3.0 Throwing
 + Level 3.0 Armour
 + Level 4.8 Dodging
 + Level 1.4 Stealth
 + Level 1.4 Shields
 + Level 1.4 Unarmed Combat
 + Level 5.2 Spellcasting
 + Level 1.1 Conjurations
 + Level 1.1 Hexes
 + Level 1.1 Summonings
 + Level 1.1 Necromancy
 + Level 5.5 Translocations
 + Level 1.1 Transmutations
 + Level 1.1 Fire Magic
 + Level 1.1 Ice Magic
 + Level 1.1 Air Magic
 + Level 1.1 Earth Magic
 + Level 1.1 Poison Magic
 + Level 1.6 Invocations
 + Level 1.4 Evocations


You had 12 spell levels left.
You knew the following spells:

 Your Spells              Type           Power      Damage    Failure   Level
a - Blink                 Tloc           32%        N/A       3%          2

Your spell library contained the following spells:

 Spells                   Type           Power      Damage    Failure   Level
 Gell's Gravitas          Tloc           16%        N/A       8%          3
 Lesser Beckoning         Tloc           16%        N/A       8%          3
 Teleport Other           Tloc           16%        N/A       8%          3
 Manifold Assault         Tloc           16%        N/A       56%         5


Dungeon Overview and Level Annotations

Branches:
Dungeon (2/15)

Altars:

Annotations:
D:2 Sigmund


Innate Abilities, Weirdness & Mutations

You have very sharp teeth.
Your uncanny sense of smell can sniff out nearby items.
Your experience applies equally to all skills.


Message History

Found a flail.
Sigmund the Dreaded comes into view.
He is wielding a +0 scythe.
Sigmund shouts!
Throw: 3 darts (poison)
Press: ? - help, Q - select action, (/) - cycle Shift-Dir - straight line, f - Sigmund
Aim: Sigmund, wielding a +0 scythe and wearing a +0 robe (55% to hit)
You throw a poisoned dart. The poisoned dart hits Sigmund.
Sigmund is poisoned.
Sigmund hits you from afar with a +0 scythe!
Unknown command.
Throw: 2 darts (poison)
Press: ? - help, Q - select action, (/) - cycle Shift-Dir - straight line, f/p - Sigmund
Aim: Sigmund, wielding a +0 scythe and wearing a +0 robe (lightly wounded, poisoned, 55% to hit)
You throw a poisoned dart.
The poisoned dart closely misses Sigmund.
Throw: dart (poison)
Press: ? - help, Q - select action, (/) - cycle Shift-Dir - straight line, f/p - Sigmund
Aim: Sigmund, wielding a +0 scythe and wearing a +0 robe (lightly wounded, poisoned, 55% to hit)
You throw a poisoned dart. The poisoned dart hits Sigmund.
Sigmund looks even sicker.
Sigmund is lightly wounded.
Sigmund hits you from afar with a +0 scythe.
Sigmund laughs darkly.
Sigmund casts a spell.
Sigmund flickers and vanishes!
Deactivating autopickup; reactivate with Ctrl-A.
You are confused.
You bump into the rock wall.
Something hits you.
You bump into the rock wall.
A magic dart appears from out of thin air!
The magic dart hits you!
You feel less confused.
A magic dart appears from out of thin air!
The magic dart hits you!
* * * LOW HITPOINT WARNING * * *
A magic dart appears from out of thin air!
The magic dart hits you.
* * * LOW HITPOINT WARNING * * *
A magic dart appears from out of thin air!
The magic dart hits you!
You die...

#....#.###..##.## .#
## #.. #.#
##.....##.### # #.#
####...(..(# ∆ #{#
#.#####... #.# #.#
.... #.# #.. .....
#.# ### ..... #.#
..... ####@# .....
#....# ...... #....##
...... #.....#### ##
#....
#<.......####P## #...
#....[####...#.###...
#......####.#...##...
#........###...###...
#....#.#.##.....##...


There were no monsters in sight!

Vanquished Creatures
  Jessica (D:2)
  Natasha (twice) (D:2)
  2 adders (D:2)
  A gnoll (D:1)
  A worm (D:2)
  A dart slug (D:1)
  2 endoplasms
  2 giant cockroaches (D:1)
  5 goblins
  6 hobgoblins
  6 jackals (D:1)
  5 kobolds
  A quokka (D:1)
  8 ball pythons
  3 frilled lizards (D:1)
  4 rats
50 creatures vanquished.

Notes
Turn   | Place    | Note
-------+----------+-------------------------------------------
     0 | D:1      | Ablot the Gnoll Warper began the quest for the Orb.
     0 | D:1      | Reached XP level 1. HP: 20/20 MP: 6/6
    75 | D:1      | Reached XP level 2. HP: 4/26 MP: 7/7
    78 | D:1      | Learned a level 2 spell: Blink
   659 | D:1      | Reached XP level 3. HP: 31/31 MP: 9/9
   662 | D:1      | Reached skill level 5 in Spellcasting
   923 | D:1      | Reached skill level 1 in Invocations
  1199 | D:2      | Reached skill level 1 in Short Blades
  1199 | D:2      | Reached skill level 1 in Long Blades
  1199 | D:2      | Reached skill level 1 in Axes
  1199 | D:2      | Reached skill level 1 in Maces & Flails
  1199 | D:2      | Reached skill level 1 in Staves
  1199 | D:2      | Reached skill level 1 in Slings
  1199 | D:2      | Reached skill level 1 in Bows
  1199 | D:2      | Reached skill level 1 in Crossbows
  1199 | D:2      | Reached skill level 1 in Stealth
  1199 | D:2      | Reached skill level 1 in Shields
  1199 | D:2      | Reached skill level 1 in Unarmed Combat
  1199 | D:2      | Reached skill level 1 in Evocations
  1220 | D:2      | Found a faded altar of an unknown god.
  1298 | D:2      | Noticed Natasha
  1306 | D:2      | Killed Natasha
  1307 | D:2      | Reached XP level 4. HP: 35/38 MP: 11/11
  1485 | D:2      | Reached skill level 1 in Conjurations
  1485 | D:2      | Reached skill level 1 in Hexes
  1485 | D:2      | Reached skill level 1 in Summonings
  1485 | D:2      | Reached skill level 1 in Necromancy
  1485 | D:2      | Reached skill level 1 in Transmutations
  1485 | D:2      | Reached skill level 1 in Fire Magic
  1485 | D:2      | Reached skill level 1 in Ice Magic
  1485 | D:2      | Reached skill level 1 in Air Magic
  1485 | D:2      | Reached skill level 1 in Earth Magic
  1485 | D:2      | Reached skill level 1 in Poison Magic
  1704 | D:2      | Noticed Natasha
  1708 | D:2      | HP: 1/38 [Natasha (5)]
  1717 | D:2      | Killed Natasha
  1718 | D:2      | Reached XP level 5. HP: 2/43 MP: 12/12
  2039 | D:2      | Noticed Jessica
  2063 | D:2      | Killed Jessica
  2402 | D:2      | Noticed Sigmund
  2426 | D:2      | HP: 2/43 [something/magic dart (6)]
  2427 | D:2      | Killed from afar by Sigmund

Illustrated notes

Levels and vault maps discovered:
D:1:      evilmike_arrival_crescent, layout_basic, minmay_pentomino_t2
D:2:      layout_rooms, ebering_ecumenical_altar_sacrificial,
          minmay_shallow_snake_nest, uniq_natasha, uniq_sigmund, uniq_jessica

Skill      XL: |  1  2  3  4  5 |
---------------+----------------+-----
Spellcasting   | 5 |  5.2
Invocations    | 1 |  1.6
Short Blades   | 1 |  1.4
Long Blades    | 1 |  1.4
Axes           | 1 |  1.4
Maces & Flails | 1 |  1.4
Staves         | 1 |  1.4
Slings         | 1 |  1.4
Bows           | 1 |  1.4
Crossbows      | 1 |  1.4
Stealth        | 1 |  1.4
Shields        | 1 |  1.4
Unarmed Combat | 1 |  1.4
Evocations     | 1 |  1.4
Conjurations   | 1 |  1.1
Hexes          | 1 |  1.1
Summonings     | 1 |  1.1
Necromancy     | 1 |  1.1
Transmutations | 1 |  1.1
Fire Magic     | 1 |  1.1
Ice Magic      | 1 |  1.1
Air Magic      | 1 |  1.1
Earth Magic    | 1 |  1.1
Poison Magic   | 1 |  1.1
Throwing       | 3 |  3.0
Armour         | 3 |  3.0
Fighting       | |  4.8
Polearms       | |  4.8
Dodging        | |  4.8
Translocations | |  5.5

Action                   |  1- 3 |  4- 6 || total
-------------------------+-------+-------++-------
Melee: Spear             |   134 |    70 ||   204
       Bite              |     7 |     7 ||    14
       Punch             |       |     3 ||     3
Throw: Boomerang         |     1 |       ||     1
       Dart              |       |     3 ||     3
Evoke: Wand              |       |     2 ||     2
 Stab: Paralysed         |       |     7 ||     7
Armor: Leather armour    |    16 |     5 ||    21
Dodge: Dodged            |    59 |    36 ||    95
